 Dungeon Crawl Stone Soup version 0.29.0-4-gdea44cf6ec (webtiles) character file.

Game seed: 10033012437998739465

33 qw the Ruffian (level 3, -1/28 HPs)
             Began as a Ghoul Fire Elementalist on Aug 29, 2022.
             Slain by an adder (2 damage)
             ... on level 2 of the Dungeon.
             The game lasted 00:01:09 (1486 turns).

qw the Ruffian (Ghoul Fire Elementalist)            Turns: 1486, Time: 00:01:09

Health: -1/28      AC:  2    Str: 13    XL:     3   Next: 29%
Magic:  4/4        EV: 12    Int: 10    God:
Gold:   109        SH:  0    Dex:  9    Spells: 4/5 levels left

rFire   . . .      SeeInvis .     - Unarmed
rCold   + . .      Faith    .   (no shield)
rNeg    + + +      Spirit   .   a - +0 robe
rPois   inf        Reflect  .   (no helmet)
rElec   .          Harm     .   (no cloak)
rCorr   .          Rampage  .   (no gloves)
Will    .....                   (no boots)
Stlth   ++........              (no amulet)
HPRegen 0.00/turn               (no ring)
MPRegen 0.09/turn               (no ring)

@: inhibited regen
A: claws 1, cold resistance 1, negative energy resistance 3, inhibited
regeneration, torment resistance 2, devour on kill
a: no special abilities


You were on level 2 of the Dungeon.
You visited 1 branch of the dungeon, and saw 2 of its levels.

You collected 109 gold pieces.


Innate Abilities, Weirdness & Mutations

You are immune to poison.
You have sharp fingernails.
Your flesh is cold resistant. (rC+)
You are immune to negative energy. (rN+++)
You do not regenerate when monsters are visible.
You are immune to unholy pain and torment.
You thrive by killing the living.


   Skills:
 - Level 1.0 Fighting
 - Level 1.7 Dodging
 - Level 2.1 Stealth
 + Level 2.8 Unarmed Combat
 - Level 1.7 Spellcasting
 - Level 0.7 Conjurations
 - Level 2.4 Fire Magic


You had 4 spell levels left.
You knew the following spells:

 Your Spells              Type           Power      Damage    Failure   Level
a - Foxfire               Conj/Fire      16%        2x1d4     17%         1

Your spell library contained the following spells:

 Spells                   Type           Power      Damage    Failure   Level
 Scorch                   Fire           10%        2d6       19%         2
 Conjure Flame            Conj/Fire      4%         6-21      45%         3
 Inner Flame              Hex/Fire       3%         N/A       52%         3
 Flame Wave               Conj/Fire      4%         2d5       86%         4

Inventory:

Armour
 a - a +0 robe (worn)
Scrolls
 b - a scroll of butterflies {unknown}
Potions
 c - 2 potions of curing {unknown}

Dungeon Overview and Level Annotations

Branches:
Dungeon (2/15)

Altars:


Message History

You barely miss the adder. Your claw misses the adder.
The adder is moderately wounded.
The adder bites you but does no damage. The goblin misses you.
You miss the adder.
The adder is moderately wounded.
The adder bites you but does no damage. The goblin completely misses you.
You barely miss the adder.
The adder is moderately wounded.
The adder bites you. The goblin hits you but does no damage.
You closely miss the adder.
The adder is moderately wounded.
The adder bites you.
You barely miss the adder.
The adder is moderately wounded.
The adder bites you. The goblin hits you with a +0 club. The adder bites you.
You barely miss the adder.
The adder is moderately wounded.
The goblin barely misses you. The adder bites you.
You closely miss the adder.
The adder is moderately wounded.
The goblin misses you. The adder bites you.
You scratch the adder.
The adder is severely wounded.
The adder closely misses you. The goblin barely misses you.
You closely miss the adder.
The adder is severely wounded.
The adder bites you. The goblin barely misses you.
The adder closely misses you.
You closely miss the adder.
The adder is severely wounded.
The goblin hits you with a +0 club. The adder closely misses you.
You scratch the adder.
The adder is almost dead.
The goblin completely misses you. The adder bites you.
You closely miss the adder.
The adder is almost dead.
The adder bites you. The goblin hits you with a +0 club.
You closely miss the adder.
The adder is almost dead.
The adder bites you.
You die...

## .... .# ....
............... .# .....
......!........
.##..(..................
........................
........................
......................
................Sg$#
................@..#
.................###
.................#
.................##
..................##
...................#
.....................#
.....................#
.....................#


You could see an adder and a goblin.

Vanquished Creatures
  An adder (D:2)
  A dart slug (D:1)
  3 endoplasms (D:1)
  2 giant cockroaches (D:1)
  A hobgoblin (D:1)
  2 kobolds
  A quokka (D:1)
  2 ball pythons
  4 bats
  A frilled lizard (D:1)
  3 goblins (D:1)
  A rat (D:2)
22 creatures vanquished.

Notes
Turn   | Place    | Note
-------+----------+-------------------------------------------
     0 | D:1      | qw the Ghoul Fire Elementalist began the quest for the Orb.
     0 | D:1      | Reached XP level 1. HP: 14/14 MP: 2/2
     0 | D:1      | 0 ||| qw: Version: 0.1-a-90-g952f4b7
     0 | D:1      | 0 ||| qw: Game counter: 4149
     0 | D:1      | 0 ||| qw: Always use a shield: true
     0 | D:1      | 0 ||| qw: God list: Okawaru
     0 | D:1      | 0 ||| qw: Allow faded altars: false
     0 | D:1      | 0 ||| qw: Do Orc after D:15 true
     0 | D:1      | 0 ||| qw: Do second Lair branch before Depths: true
     0 | D:1      | 0 ||| qw: Lair rune preference: random
     0 | D:1      | 0 ||| qw: Plans: Normal
     0 | D:1      | 0 ||| PLANNING D:1-11
   197 | D:1      | Reached skill level 1 in Unarmed Combat
   211 | D:1      | Reached skill level 1 in Fighting
   211 | D:1      | Reached XP level 2. HP: 20/23 MP: 3/3
   782 | D:1      | Found a faded altar of an unknown god.
  1047 | D:1      | 1047 ||| READING scroll labelled OFRYAT EGOSOE.
  1048 | D:1      | 1048 ||| READING scroll labelled TECVIY FOANUOP.
  1149 | D:1      | 1149 ||| READING scroll labelled ALEXZE QITA FUC.
  1150 | D:1      | 1150 ||| READING scroll labelled HUEV QIEMO IMU.
  1151 | D:1      | 1151 ||| DROPPING potion of magic.
  1183 | D:2      | 1183 ||| Stepping ~*~*~tactically~*~*~ (stealth).
  1193 | D:2      | 1193 ||| Stepping ~*~*~tactically~*~*~ (stealth).
  1230 | D:2      | Reached XP level 3. HP: 17/28 MP: 4/4
  1483 | D:2      | HP: 7/28 [goblin/+0 club (2)]
  1485 | D:2      | HP: 1/28 [goblin/+0 club (3)]
  1486 | D:2      | Slain by an adder

Levels and vault maps discovered:
D:1:      dpeg_arrival_connections, layout_basic,
          shapermc_ecumenical_altar_venn, minmay_vboxes
D:2:      layout_rooms, uniq_terence

Skill      XL: |  1  2 |
---------------+-------+-----
Unarmed Combat | 1 2 |  2.8
Fighting       | 1 |  1.0
Dodging        | |  1.7
Stealth        | |  2.1
Spellcasting   | |  1.7
Conjurations   | |  0.7
Fire Magic     | |  2.4

Action                   || total
-------------------------++-------
Melee: Unarmed           ||   104
       Punch             ||     2
  Use: Scroll            ||     4
 Stab: Sleeping          ||     1
Armor: Robe              ||    22
Dodge: Dodged            ||    58

Table legend:
 A = Non-vault XP
 B = Vault XP
 C = Vault XP percentage of total XP
 D = Non-vault monster count
 E = Vault monster count
 F = Vault count percentage of total count
                 A         B        C        D         E       F
            +---------+---------+-------+---------+---------+-------
      Total |      35 |      13 |  27.1 |      15 |       7 |  31.8
            +---------+---------+-------+---------+---------+-------
        D:1 |      17 |      13 |  43.3 |       9 |       7 |  43.8
        D:2 |      18 |       0 |   0.0 |       6 |       0 |   0.0
            +---------+---------+-------+---------+---------+-------
